AoeStats
← Maty

Black Forest

510178423Analyzed
4v4 RM · 2d ago on Sep 29, 2026· 39m 43s· 8 players
Game mode
Random Map
Map size
Large (8 player)
Population
200
Speed
Normal
Resources
Standard
Victory
Conquest
Starting age
Dark Age
Ending age
Imperial Age
RankedLock teamsTeams togetherTeam positionsShared explorationLock speedFull tech treeHidden civsTurbo modeCheats
Victory
Defeat
🇺🇸 Celts · United States
1421
+12
🇪🇨 Danes · Ecuador
1405
+13
🇵🇪 Dravidians · Peru
1375
+14
🇲🇽 Magyars · Mexico
1311
+18
🇧🇬 Mongols · Bulgaria
1356
-15
🇮🇹 Bengalis · Italy
1347
-14
🇭🇺 Saracens · Hungary
1329
-14
🇬🇧 Saxons · United Kingdom
1326
-14
Jac
0:26 Loom
11:37 Feudal Age
15:45 Castle Age
13:50 Horse Collar
14:39 Double-Bit Axe
14:47 Gold Mining
18:26 Forging
20:29 Sanctity
20:22 Redemption
20:35 Sanctity
23:43 Atonement
28:17 Heavy Plow
29:24 Fletching
34:11 Fletching
34:22 Padded Archer Armor
34:53 Bodkin Arrow
38:40 Imperial Age
35:40 Crossbowman
35:43 Elite Skirmisher
38:25 Leather Archer Armor
Oliver
0:36 Loom
11:11 Feudal Age
16:11 Fletching
17:47 Padded Archer Armor
23:44 Castle Age
25:02 Bodkin Arrow
25:56 Crossbowman
31:28 Horse Collar
32:49 Double-Bit Axe
SirDidko
10:32 Feudal Age
11:28 Double-Bit Axe
11:26 Fishing Lines
19:16 Castle Age
20:15 Bow Saw
22:58 Gillnets
26:51 Imperial Age
25:01 Wheelbarrow
24:18 Town Watch
24:19 Loom
24:41 Horse Collar
24:53 Stone Mining
24:55 Gold Mining
25:15 Fletching
26:14 Stone Shaft Mining
26:24 Bodkin Arrow
27:24 Husbandry
27:26 Padded Archer Armor
29:14 Conscription
29:48 Bracer
30:39 Ballistics
31:05 Gold Shaft Mining
31:14 Thumb Ring
33:01 Bloodlines
33:07 Leather Archer Armor
33:20 Parthian Tactics
33:46 Elite Skirmisher
34:46 Hand Cart
37:08 Elite Mangudai
40:16 Hoardings
40:47 Chemistry
Leto_DavE
8:44 Loom
10:53 Feudal Age
12:59 Double-Bit Axe
16:12 Castle Age
17:13 Bow Saw
23:28 Sanctity
24:18 Gold Mining
25:55 Wheelbarrow
30:51 Imperial Age
28:36 Horse Collar
28:48 Stone Mining
30:29 Ballistics
30:57 Bloodlines
30:55 Scale Barding Armor
31:14 Hand Cart
32:43 Chemistry
31:11 Heavy Camel Rider
34:04 Chain Barding Armor
35:22 Plate Barding Armor
34:57 Siege Engineers
35:31 Heavy Plow
35:43 Onager
36:44 Counterweights
37:36 Siege Onager
38:38 Elite Mameluke
LiquidSteel71
11:43 Feudal Age
12:07 Man-at-Arms
12:32 Arson
12:44 Double-Bit Axe
12:44 Fishing Lines
13:38 Fletching
14:13 Loom
16:51 Padded Archer Armor
17:22 Horse Collar
24:04 Castle Age
22:19 Gold Mining
24:22 Stone Mining
25:12 Bodkin Arrow
25:55 Guard Tower
27:15 Leather Archer Armor
26:45 Elite Skirmisher
30:55 Imperial Age
29:02 Gillnets
31:53 Capped Ram
33:01 Siege Ram
37:03 Chemistry
36:53 Ring Archer Armor
38:11 Siege Engineers
39:04 Gold Shaft Mining
39:04 Stone Shaft Mining
DarkOrsted
11:45 Feudal Age
15:53 Castle Age
14:15 Double-Bit Axe
15:15 Fishing Lines
16:58 Bow Saw
18:02 Gillnets
18:03 Horse Collar
24:02 Gold Mining
24:11 Fletching
24:21 Padded Archer Armor
25:08 Bodkin Arrow
28:44 Imperial Age
26:45 Stone Mining
27:39 Leather Archer Armor
27:30 Loom
28:21 Wheelbarrow
29:56 Bracer
30:26 Ring Archer Armor
30:59 Chemistry
30:19 Ballistics
29:28 Elite Elephant Archer
30:34 Thumb Ring
32:33 Devotion
33:47 Medical Corps
34:03 Conscription
38:54 Light Cavalry
39:34 Husbandry
39:33 Crossbowman
neto_leo15
0:27 Loom
11:05 Feudal Age
19:20 Castle Age
17:48 Stone Mining
17:45 Double-Bit Axe
17:52 Gold Mining
22:46 Devotion
34:29 Imperial Age
33:02 Bow Saw
32:39 Fishing Lines
37:03 Wheelbarrow
36:14 Town Watch
37:10 Gold Shaft Mining
37:05 Conscription
38:04 Horse Collar
39:31 Heavy Plow
Maty
12:12 Feudal Age
13:22 Fishing Lines
15:54 Castle Age
13:41 Double-Bit Axe
16:46 Gillnets
17:07 Bow Saw
26:14 Wheelbarrow
25:25 Town Watch
26:19 Horse Collar
30:00 Imperial Age
28:45 Hand Cart
28:15 Loom
28:33 Heavy Plow
28:44 Masonry
29:33 Stone Mining
29:34 Gold Mining
30:11 Ballistics
31:07 Onager
32:49 Chemistry
31:51 Scale Mail Armor
33:10 Conscription
32:19 Siege Onager
33:19 Chain Mail Armor
33:15 Forging
34:16 Stone Shaft Mining
34:16 Gold Shaft Mining
33:50 Siege Engineers
33:54 Northmen's Fury
33:55 Hamask
35:12 Hoardings
35:41 Town Patrol
36:13 Plate Mail Armor
36:19 Iron Casting
35:06 Elite Varangian Guard
35:47 Squires
35:33 Gambesons
35:36 Capped Ram
36:28 Arson
37:03 Siege Ram
Connection lost

Rejoining the realm…

Still unreachable

The connection could not be restored.

Session expired

The server has moved on; the page needs a fresh start.